 Dungeon Crawl Stone Soup version 0.30-a0-778-g2ef04af (webtiles) character file.

Game seed: 3627191756373585386

2540 Illumine the Cudgeller (level 9, -3/56 HPs)
             Began as a Gargoyle Fighter on Feb 14, 2023.
             Was a Believer of the Shining One.
             Slain by a wight
             ... wielding a +4 trident of freezing
              (4 damage)
             ... on level 7 of the Dungeon.
             The game lasted 00:08:05 (5233 turns).

Illumine the Cudgeller (Gargoyle Fighter)           Turns: 5233, Time: 00:08:05

Health: -3/56      AC: 18    Str: 24    XL:     9   Next: 55%
Magic:  12/12      EV: 10    Int:  9    God:    the Shining One [**....]
Gold:   361        SH:  4    Dex:  9    Spells: 8/8 levels left

rFire   . . .      SeeInvis .    F - +0 morningstar
rCold   . . .      Faith    .    c - +0 buckler
rNeg    + + .      Spirit   .    b - +0 scale mail
rPois   ∞          Reflect  .    s - +0 helmet
rElec   +          Harm     .    j - +0 cloak
rCorr   .          Rampage  .    (no gloves)
Will    .....                    w - +0 pair of boots Stlth
                                 (no amulet)
HPRegen 0.29/turn                (no ring)
MPRegen 0.13/turn                (no ring)

@: glowing
A: sickness immunity, AC +6, negative energy resistance 1, electricity
resistance, torment resistance 1, petrification resistance
a: Renounce Religion, Divine Shield


You were on level 7 of the Dungeon.
You worshipped the Shining One.
The Shining One was pleased with you.
You visited 1 branch of the dungeon, and saw 7 of its levels.

You collected 361 gold pieces.

Inventory:

Hand Weapons
 a - a +0 flail
 F - a +0 morningstar (weapon)
Missiles
 m - 14 poisoned darts (quivered)
Armour
 b - a +0 scale mail (worn)
 c - a +0 buckler (worn)
 j - a +0 cloak (worn)
 s - a +0 helmet (worn)
 w - a +0 pair of boots (worn)
Jewellery
 e - a ring of positive energy
 u - an amulet of reflection
Wands
 o - a wand of mindburst (17)
 A - a wand of flame (30)
 B - a wand of iceblast (12)
Scrolls
 f - a scroll of teleportation
 g - 2 scrolls of amnesia
 h - a scroll of immolation {unknown}
 n - 3 scrolls of fear
 q - 2 scrolls of fog
 t - a scroll of magic mapping {unknown}
 x - a scroll of enchant weapon {unknown}
 y - a scroll of vulnerability {unknown}
 C - a scroll of poison {unknown}
Potions
 d - a potion of berserk rage {unknown}
 i - 2 potions of curing
 k - a potion of haste {unknown}
 l - 2 potions of flight
 p - a potion of heal wounds {unknown}
 r - a potion of degeneration {unknown}
 v - 2 potions of lignification {unknown}
 z - 2 potions of attraction {unknown}
 D - a potion of mutation {unknown}
 E - a potion of resistance {unknown}


   Skills:
 + Level 6.4 Fighting
 * Level 7.5 Maces & Flails
 + Level 3.7 Throwing
 + Level 6.4 Armour
 + Level 1.5 Dodging
 - Level 4.0 Shields
 + Level 4.5 Invocations
 + Level 2.3 Evocations


You had 8 spell levels left.
You didn't know any spells.
Your spell library contained the following spells:

 Spells                   Type           Power      Damage    Failure   Level
 Ensorcelled Hibernation  Hex/Ice        0%         N/A       88%         2
 Frozen Ramparts          Ice            0%         1d1       98%         3
 Inner Flame              Hex/Fire       0%         N/A       98%         3
 Spider Form              Tmut/Pois      0%         N/A       98%         3
 Anguish                  Hex/Necr       0%         N/A       100%        4
 Cause Fear               Hex            0%         N/A       100%        4
 Ice Form                 Ice/Tmut       0%         N/A       100%        4
 Summon Ice Beast         Ice/Summ       0%         N/A       100%        4
 Discord                  Hex            0%         N/A       100%        8


Dungeon Overview and Level Annotations

Branches:
Dungeon (7/15)             Temple (0/1) D:4

Altars:
Fedhas
Hepliaklqana
Kikubaaqudgha
Makhleb
Trog
Vehumet
Wu Jian
Yredelemnul
The Shining One

Annotations:
D:3 Grinder


Innate Abilities, Weirdness & Mutations

You are immune to sickness and miasma.
Your stone body is resilient. (AC +6)
You are immune to poison.
You resist negative energy. (rN+)
You are resistant to electric shocks. (rElec)
You are resistant to unholy torment.
You are immune to petrification.


Message History

You barely miss the wight.
The wight is severely damaged.
The wight closely misses you.
You hit the wight but do no damage.
The wight is severely damaged.
The wight hits you with a +0 great sword!
* * * LOW HITPOINT WARNING * * *
You hit the wight.
You destroy the wight!
The Shining One accepts your kill.
You sock the wight!
The wight is heavily damaged.
The wight hits you but does no damage.
You hit the wight.
The wight is severely damaged.
The wight barely misses you.
You bludgeon the wight!!
You destroy the wight!
The Shining One accepts your kill.
Items here: ))) [[[.
F - a +0 morningstar
F - a +0 morningstar (weapon)
A wight comes into view.
It is wielding a +4 trident of freezing and wearing a +2 robe of positive energy.
Items here: )) [[[.
You feel better.
The wight hits you from afar with a +4 trident of freezing!
* * * LOW HITPOINT WARNING * * *
The wight freezes you.
* * * LOW HITPOINT WARNING * * *
The wight hits you with a +4 trident of freezing.
* * * LOW HITPOINT WARNING * * *
The wight freezes you.
* * * LOW HITPOINT WARNING * * *
Items here: )) [[[.
You hit the wight but do no damage. You block the wight's attack.
You barely miss the wight.
The wight hits you with a +4 trident of freezing!
* * * LOW HITPOINT WARNING * * *
The wight freezes you.
You die...

.###.#.# ##.#.# . #..# #
. #.## # .##.##.# #######
.......### .......
........)# ##.......
##.#####.########...≈~~~~
............#...@.).~#
##.#..##.##...###z#.~#
#........###### #.#.~#
#.##..#.## #...~#
#.##..#.# ###.≈#
......#.# .~~~~ ......#.#
?.... #.....#.# .####
......#.# .


You could see a wight.

Vanquished Creatures
  Duvessa (D:4)
  A water moccasin (D:5)
  An ice beast (D:5)
  4 black bears
  2 sky beasts (D:6)
  An ogre (D:4)
  A centaur (D:5)
  A phantom (D:4)
  Blork the orc (D:6)
  5 scorpions
  8 wights
  Dowan (D:4)
  3 killer bees (D:7)
  A jelly (D:5)
  An orc priest (D:5)
  2 hounds
  3 iguanas
  Terence (D:2)
  An orc wizard (D:5)
  Robin (D:3)
  6 gnolls
  4 adders
  2 ufetubi (D:5)
  4 worms
  2 dart slugs
  25 orcs
  7 ball pythons
  4 bats
  7 endoplasms
  4 giant cockroaches
  17 goblins
  7 hobgoblins
  8 jackals
  4 kobolds
  2 quokkas
  2 training dummies (D:4)
  3 frilled lizards (D:1)
  4 rats
152 creatures vanquished.

Notes
Turn   | Place    | Note
-------+----------+-------------------------------------------
     0 | D:1      | Illumine the Gargoyle Fighter began the quest for the Orb.
     0 | D:1      | Reached XP level 1. HP: 14/14 MP: 1/1
   131 | D:1      | Reached XP level 2. HP: 19/19 MP: 2/2
   300 | D:1      | Reached XP level 3. HP: 23/23 MP: 3/3
   929 | D:2      | Found a faded altar of an unknown god.
  1039 | D:2      | Found a glowing golden altar of the Shining One.
  1048 | D:2      | Became a worshipper of the Shining One
  1244 | D:2      | Reached skill level 3 in Maces & Flails
  1244 | D:2      | Reached XP level 4. HP: 29/29 MP: 4/4
  1489 | D:3      | Noticed Terence
  1502 | D:2      | Killed Terence
  1623 | D:3      | Noticed Grinder
  1624 | D:3      | Noticed Robin
  1635 | D:4      | Noticed a scorpion
  1648 | D:4      | Killed a scorpion
  1649 | D:4      | Reached skill level 1 in Evocations
  1649 | D:4      | Reached XP level 5. HP: 17/33 MP: 5/5
  1894 | D:4      | Found a staircase to the Ecumenical Temple.
  1994 | D:4      | Noticed a phantom
  2002 | D:4      | Killed a phantom
  2003 | D:4      | Reached skill level 4 in Maces & Flails
  2003 | D:4      | Reached XP level 6. HP: 37/39 MP: 6/6
  2042 | D:4      | Reached skill level 1 in Invocations
  2050 | D:4      | Reached skill level 1 in Throwing
  2122 | D:3      | Reached * piety under the Shining One
  2140 | D:3      | Reached XP level 7. HP: 42/44 MP: 7/7
  2215 | D:3      | Killed Robin
  2653 | D:4      | Noticed Duvessa
  2653 | D:4      | Noticed Dowan
  2664 | D:4      | Killed Duvessa
  2665 | D:4      | Reached skill level 5 in Maces & Flails
  2682 | D:4      | Killed Dowan
  2981 | D:5      | Entered Level 5 of the Dungeon
  2992 | D:5      | Reached skill level 5 in Fighting
  2992 | D:5      | Reached skill level 5 in Armour
  3004 | D:5      | Reached XP level 8. HP: 45/49 MP: 9/9
  3114 | D:5      | Found an ornate altar of the Wu Jian Council.
  3114 | D:5      | Found a radiant altar of Vehumet.
  3170 | D:5      | Reached skill level 6 in Maces & Flails
  3350 | D:5      | Found a hazy altar of Hepliaklqana.
  3355 | D:5      | Found a basalt altar of Yredelemnul.
  3356 | D:5      | Found a bloodstained altar of Trog.
  3357 | D:5      | Found a blossoming altar of Fedhas.
  3357 | D:5      | Found a burning altar of Makhleb.
  4063 | D:6      | Noticed Blork the orc
  4074 | D:6      | Killed Blork the orc
  4075 | D:6      | Reached XP level 9. HP: 55/55 MP: 11/11
  4230 | D:6      | Reached ** piety under the Shining One
  4251 | D:6      | Reached skill level 7 in Maces & Flails
  4282 | D:6      | Reached skill level 1 in Dodging
  5088 | D:7      | Found an ancient bone altar of Kikubaaqudgha.
  5233 | D:7      | HP: 1/56 [wight/+4 trident of freezing (8)]
  5233 | D:7      | Slain by a wight

Illustrated notes

Levels and vault maps discovered:
D:1:      co_arrival_random_square_maze, layout_loops_ring
D:2:      layout_rooms, basic_ecumenical_altar, basic_altar
D:3:      layout_rooms, uniq_robin, uniq_grinder, uniq_terence
D:4:      dreamdust_elfheim, layout_basic, minmay_temple_entry_ruins,
          grunt_ministairs_9, st_stairs_1
D:5:      layout_rooms, grunt_temple_overflow_open, jmf_multi_god_temple,
          serial_rivers, chequers_serial_rivers_micro_c,
          chequers_serial_rivers_large_a, chequers_serial_rivers_small_3,
          chequers_serial_rivers_marsh, chequers_serial_rivers_micro_d
D:6:      nicolae_cairo_tiling_large_dashed, layout_basic, uniq_blork_the_orc
D:7:      layout_loops_cross, kennysheep_mini_moat, enter_bailey_3

Skill      XL: |  1  2  3  4  5  6  7  8  9 |
---------------+----------------------------+-----
Maces & Flails | 3 4 5 6 7 |  7.5
Fighting       | 4 5 6 |  6.4
Armour         | 4 5 6 |  6.4
Shields        | 4 |  4.0
Evocations     | 1 2 |  2.3
Invocations    | 1 2 3 4 |  4.5
Throwing       | 1 2 3 |  3.7
Dodging        | 1 |  1.5

Action                     |  1- 3 |  4- 6 |  7- 9 || total
---------------------------+-------+-------+-------++-------
  Melee: Flail             |   116 |   106 |   288 ||   510
         Morningstar       |       |       |     2 ||     2
    Use: Scroll            |       |     3 |     3 ||     6
         Potion            |       |     2 |     2 ||     4
 Armour: Scale mail        |    77 |   110 |   171 ||   358
  Dodge: Dodged            |    70 |    81 |   138 ||   289
  Block: Buckler           |    27 |    35 |    67 ||   129

Table legend: (Time is in decaauts)
 A = Elapsed time spent in this place.
 B = Non-inter-level travel time spent in this place.
 C = Inter-level travel time spent in this place.
 D = Time resting spent in this place.
 E = Time spent auto-exploring this place.
 F = Levels seen in this place.
 G = Mean time per level.
                   A        B        C        D        E       F      G
               +--------+--------+--------+--------+--------+-----+--------+
         Total |   5352 |   5133 |    219 |    264 |   3405 |   7 |  764.6 |
       Dungeon |   5352 |   5133 |    219 |    264 |   3405 |   7 |  764.6 |
               +--------+--------+--------+--------+--------+-----+--------+

Top non-repeatable levels by time:
     D:4: 1169 daAuts
     D:6: 962 daAuts
     D:1: 958 daAuts
     D:5: 846 daAuts
     D:2: 636 daAuts
     D:7: 481 daAuts
     D:3: 298 daAuts
